 Dungeon Crawl Stone Soup version 0.31.0-9-g3a7656b989 (webtiles) character file.

Game seed: 89056554347088569

223 qw the Skirmisher (level 5, 0/29 HPs)
             Began as a Deep Elf Hunter on Feb 2, 2024.
             Slain by a bullfrog (6 damage)
             ... in a sewer.
             The game lasted 00:00:10 (1964 turns).

qw the Skirmisher (Deep Elf Hunter)                 Turns: 1964, Time: 00:00:10

Health: 0/29       AC:  7    Str: 10    XL:     5   Next: 66%
Magic:  7/7        EV: 24    Int: 14    God:
Gold:   144        SH:  0    Dex: 24    Spells: 4/4 levels left

rFire   . . .        a - +1 shortbow
rCold   . . .        (shield currently unavailable)
rNeg    . . .        j - +0 scale mail
rPois   .            d - +0 helmet
rElec   .            (no cloak)
rCorr   .            (no gloves)
SInv    .            (no boots)
Will    .....        k - amulet of the acrobat
Stlth   +            f - +6 ring of dexterity
HPRegen 0.24/turn    (no ring)
MPRegen 0.10/turn

%: acrobat
@: lethally poisoned (0 -> -1), acrobatic
A: no striking features
a: no special abilities


You were in a sewer.
You visited 1 branch of the dungeon, and saw 3 of its levels.
You also visited: Sewer.

You collected 144 gold pieces.


   Skills:
 + Level 1.5 Fighting
 - Level 9.0 Ranged Weapons
 - Level 1.0 Armour
 - Level 2.4 Dodging
 - Level 1.2 Stealth


You had 4 spell levels left.
You didn't know any spells.
Your spell library was empty.

Inventory:

Hand Weapons
 a - a +1 shortbow (weapon)
Armour
 d - a +0 helmet (worn)
 j - a +0 scale mail (worn)
Jewellery
 f - a +6 ring of dexterity (left hand)
 k - an amulet of the acrobat (around neck)
Wands
 i - a wand of polymorph (15)
Scrolls
 o - a scroll of silence {unknown}
Potions
 b - 2 potions of magic {unknown}
 c - a potion of lignification {unknown}
 e - a potion of cancellation {unknown}
 g - a potion of berserk rage {unknown}
 h - a potion of brilliance {unknown}
 l - a potion of heal wounds {unknown}
 m - a potion of might {unknown}
 n - a potion of resistance
 p - a potion of haste {unknown}
 q - a potion of curing {unknown}

Dungeon Overview and Level Annotations

Branches:
Dungeon (3/15)              Sewer (1/1)

Altars:
Qazlal


Message History

The bullfrog hits you but does no damage.
The adder completely misses you.
Enter note:
1959 ||| RETREEEEATING.
The bullfrog attacks as it pursues you! The bullfrog completely misses you. x2
The bullfrog hits you but does no damage.
The ball python barely misses you. The ball python misses you.
The bullfrog misses you. The bullfrog barely misses you.
Enter note:
1960 ||| RETREEEEATING.
The adder completely misses you. The bullfrog attacks as it pursues you!
The bullfrog completely misses you. The bullfrog misses you.
The adder barely misses you.
The ball python bites you but does no damage.
The ball python closely misses you.
Enter note:
1961 ||| RETREEEEATING.
The bullfrog misses you. The adder bites you but does no damage.
The bullfrog misses you. The ball python closely misses you.
The ball python barely misses you. The adder bites you.
You are poisoned.
The adder poisons you! The ball python closely misses you.
The ball python misses you. The bullfrog misses you.
Enter note:
1962 ||| RETREEEEATING.
You feel very sick. The bullfrog attacks as it pursues you!
The bullfrog misses you. The bullfrog closely misses you.
The bullfrog misses you.
The ball python completely misses you. x2; The adder closely misses you.
The bullfrog misses you. The bullfrog closely misses you.
The ball python misses you. The ball python barely misses you.
The adder misses you.
Enter note:
1963 ||| RETREEEEATING.
You feel sick. The bullfrog misses you. The bullfrog completely misses you.
Enter note:
1964 ||| RETREEEEATING.
You feel sick. The adder attacks as it pursues you! The adder misses you.
The bullfrog hits you.
You die...

#~~~~~~# #~.)...#
#~~~~~~# #~....~#
#~~J~~~# #~%~~~~#
#~~~~~~# #~~~~~~#
#~~~~~~# #~~~~~~#
#~~~~~~# #~~~~~~#
#~~lSF~##### #~~~~~~#
#..S.S###..# ##....##
#....F@##..###......#
##......##'##......##
#.........#.......#
##...............##
####.........####
####...#### #####


You could see 2 bullfrogs, an adder, an endoplasm, 2 ball pythons and a frilled
lizard.

Vanquished Creatures
  A jelly (D:3)
  Jessica (D:3)
  5 river rats (Sewer)
  6 adders
  2 dart slugs
  An orc (D:3)
  12 ball pythons
  4 endoplasms
  3 giant cockroaches (D:3)
  3 goblins
  3 hobgoblins (D:1)
  A quokka (D:1)
  3 frilled lizards
  9 kobolds
  17 rats
71 creatures vanquished.

Notes
Turn   | Place    | Note
-------+----------+-------------------------------------------
     0 | D:1      | qw the Deep Elf Hunter began the quest for the Orb.
     0 | D:1      | Reached XP level 1. HP: 12/12 MP: 3/3
     0 | D:1      | 0 ||| qw: Version: 0.3-a-155-g5e7d8dd
     0 | D:1      | 0 ||| qw: Game counter: 1303
     0 | D:1      | 0 ||| qw: Melee chars always use a shield: true
     0 | D:1      | 0 ||| qw: God list: Okawaru
     0 | D:1      | 0 ||| qw: Allow faded altars: false
     0 | D:1      | 0 ||| qw: Do Orc after clearing Dungeon:15 true
     0 | D:1      | 0 ||| qw: Do second Lair branch before Depths: true
     0 | D:1      | 0 ||| qw: Lair rune preference: random
     0 | D:1      | 0 ||| qw: Goals: Normal
     0 | D:1      | 0 ||| PLANNING D:1-11
   148 | D:1      | Reached XP level 2. HP: 15/16 MP: 4/4
   204 | D:1      | Reached skill level 6 in Ranged Weapons
   270 | D:1      | Found a faded altar of an unknown god.
   475 | D:1      | 475 ||| UPGRADING to +0 scale mail.
   485 | D:1      | 485 ||| DROPPING +0 leather armour.
   486 | D:1      | 486 ||| UPGRADING to amulet of the acrobat.
   491 | D:1      | 491 ||| UPGRADING to +6 ring of dexterity.
   492 | D:1      | 492 ||| READING scroll labelled ROPHONTEOK.
   493 | D:1      | 493 ||| READING scroll labelled QAYSHI TELEUTUTIMM.
   493 | D:1      | 493 ||| ENCHANTING +0 shortbow.
   494 | D:1      | 494 ||| DROPPING scroll of butterflies.
   699 | D:2      | Reached XP level 3. HP: 20/20 MP: 5/5
   934 | D:2      | 934 ||| READING scroll labelled FUNAACH WOIG.
  1072 | D:3      | 1072 ||| PLANNING SEWER
  1121 | D:3      | Noticed an air elemental
  1123 | D:3      | Found a stormy altar of Qazlal.
  1127 | D:3      | Noticed a water elemental
  1127 | D:3      | Noticed a fire elemental
  1127 | D:3      | Noticed an earth elemental
  1210 | D:3      | Reached skill level 7 in Ranged Weapons
  1285 | D:3      | Reached XP level 4. HP: 25/25 MP: 6/6
  1309 | D:3      | Noticed Jessica
  1310 | D:3      | 1310 ||| FLEEEEING.
  1311 | D:3      | 1311 ||| FLEEEEING.
  1312 | D:3      | 1312 ||| FLEEEEING.
  1313 | D:3      | 1313 ||| FLEEEEING.
  1314 | D:3      | 1314 ||| FLEEEEING.
  1315 | D:3      | 1315 ||| FLEEEEING.
  1316 | D:3      | 1316 ||| FLEEEEING.
  1317 | D:3      | 1317 ||| STAIRDANCE
  1319 | D:2      | 1319 ||| FLEEEEING.
  1320 | D:2      | 1320 ||| FLEEEEING.
  1321 | D:2      | 1321 ||| FLEEEEING.
  1322 | D:2      | 1322 ||| FLEEEEING.
  1323 | D:2      | 1323 ||| FLEEEEING.
  1324 | D:2      | 1324 ||| FLEEEEING.
  1325 | D:2      | 1325 ||| FLEEEEING.
  1326 | D:2      | 1326 ||| FLEEEEING.
  1327 | D:2      | 1327 ||| FLEEEEING.
  1328 | D:2      | 1328 ||| UPGRADING to +0 helmet.
  1333 | D:2      | 1333 ||| READING scroll labelled RALENISTOEDA.
  1333 | D:2      | 1333 ||| IDENTIFYING metallic cyan potion
  1334 | D:2      | 1334 ||| DRINKING 2 sedimented amethyst potions.
  1335 | D:2      | 1335 ||| DROPPING potion of degeneration.
  1360 | D:3      | Killed Jessica
  1361 | D:3      | Reached skill level 8 in Ranged Weapons
  1576 | D:3      | Found a glowing drain.
  1580 | Sewer    | Entered a sewer
  1617 | Sewer    | HP: 6/25 [poisoned by an adder]
  1737 | Sewer    | Reached XP level 5. HP: 26/29 MP: 7/7
  1835 | Sewer    | Reached skill level 9 in Ranged Weapons
  1952 | Sewer    | Reached skill level 1 in Armour
  1954 | Sewer    | 1954 ||| RETREEEEATING.
  1955 | Sewer    | 1955 ||| RETREEEEATING.
  1956 | Sewer    | 1956 ||| RETREEEEATING.
  1957 | Sewer    | 1957 ||| RETREEEEATING.
  1958 | Sewer    | 1958 ||| RETREEEEATING.
  1959 | Sewer    | 1959 ||| RETREEEEATING.
  1960 | Sewer    | 1960 ||| RETREEEEATING.
  1961 | Sewer    | 1961 ||| RETREEEEATING.
  1962 | Sewer    | 1962 ||| RETREEEEATING.
  1963 | Sewer    | 1963 ||| RETREEEEATING.
  1963 | Sewer    | HP: 7/29 [poisoned by an adder]
  1964 | Sewer    | 1964 ||| RETREEEEATING.
  1964 | Sewer    | Slain by a bullfrog

Levels and vault maps discovered:
D:1:      elethiomel_arrival_quiet, layout_rooms,
          dreamdust_ecumenical_altar_grove, minmay_misc_feat_secret_circle
D:2:      layout_basic, nicolae_houndstooth_variations
D:3:      layout_rooms, nicolae_qazlal_style_of_elements, gup_sewer_entry_bowl,
          chequers_mini_garden, uniq_jessica
Sewer:    sewer_minmay_w

Skill      XL: |  1  2  3  4  5 |
---------------+----------------+-----
Ranged Weapons | 6 7 8 9 |  9.0
Armour         | 1 |  1.0
Fighting       | |  1.5
Dodging        | |  2.4
Stealth        | |  1.2

Action                     |  1- 3 |  4- 6 || total
---------------------------+-------+-------++-------
   Fire: Shortbow          |    92 |   100 ||   192
    Use: Scroll            |     3 |     1 ||     4
         Potion            |       |     1 ||     1
 Armour: Leather armour    |     4 |       ||     4
         Scale mail        |     2 |    72 ||    74
  Dodge: Dodged            |     5 |    95 ||   100

Table legend:
 A = Non-vault XP
 B = Vault XP
 C = Vault XP percentage of total XP
 D = Non-vault monster count
 E = Vault monster count
 F = Vault count percentage of total count
                 A         B        C        D         E       F
            +---------+---------+-------+---------+---------+-------
      Total |     116 |     203 |  63.6 |      35 |      36 |  50.7
            +---------+---------+-------+---------+---------+-------
        D:1 |      22 |       0 |   0.0 |      12 |       0 |   0.0
        D:2 |      28 |       0 |   0.0 |      10 |       0 |   0.0
        D:3 |      66 |      43 |  39.4 |      13 |       4 |  23.5
      Sewer |       0 |     160 | 100.0 |       0 |      32 | 100.0
            +---------+---------+-------+---------+---------+-------
